Map: Chantier naval orbital

Players

StarEagle

  • Race: Terran Terran
  • League: Grandmaster

AcerBly (Bly) - Winner!

  • Race: Zerg Zerg

Event: NationWars III

VOD

Have the link to the VOD?

Description

Time

  • Played on: Nov. 19, 2015, 1:34 p.m.
  • Length: 6:53
Show
View Real Time Build Order
Export as new Build Order

StarEagle Terran 

Build Orders: Reaper Expand 

Get SALT Encoding   

  12  0:01  SCV  
  13  0:13  SCV  
  14  0:18  Supply Depot  
  14  0:25  SCV  
  15  0:39  SCV  
  15  0:40  Barracks  
  16  0:46  Refinery  
  16  0:52  SCV  
  17  1:04  SCV  
  18  1:17  SCV  
  19  1:29  Orbital Command  
  19  1:30  Reaper  
  20  1:40  Command Center  
  20  1:49  Supply Depot  
  20  1:54  SCV  
  21  2:02  Reaper, Refinery  
  21  2:06  SCV  
  23  2:18  SCV  
  24  2:28  Factory  
  24  2:31  SCV  
  25  2:40  Barracks Reactor  
  25  2:43  SCV  
  26  2:54  Command Center  
  26  2:55  Orbital Command  
  26  3:02  SCV  
  27  3:14  SCV, Starport  
  28  3:21  SCV  
  28  3:26  SCV, Barracks Tech Lab  
  30  3:31  Hellion  
  30  3:33  Hellion  
  30  3:34  SCV  
  35  3:38  SCV  
  35  3:45  Marine  
  35  3:46  SCV, Stimpack  
  36  3:50  SCV  
  36  3:52  Hellion  
  36  3:53  Viking  
  41  3:58  SCV  
  42  4:03  SCV, Marauder  
  42  4:05  Liberator  
  42  4:07  Orbital Command  
  45  4:10  SCV  
  46  4:18  SCV  
  46  4:22  SCV  
  51  4:24  Barracks  
  51  4:26  Factory Tech Lab  
  51  4:30  SCV  
  52  4:32  SCV  
  52  4:34  Marine  
  54  4:38  SCV  
  54  4:42  SCV, Refinery  
  54  4:43  Engineering Bay  
  54  4:44  Refinery, Engineering Bay  
  56  4:50  Siege Tank  
  56  4:52  Marine  
  60  4:53  Supply Depot  
  60  4:54  SCV  
  61  5:01  SCV  
  60  5:10  Marine  
  55  5:19  SCV x2  
  56  5:22  Siege Tank  
  56  5:25  Supply Depot  
  60  5:28  Marauder  
  60  5:30  Barracks  
  60  5:33  Supply Depot  
  59  5:36  Marine x2  
  52  5:50  Marauder  
  52  5:53  Marine  
  42  6:00  Marine  
  31  6:07  SCV  
  23  6:11  Marauder  
  23  6:16  Marine  
  17  6:21  Marine  
  18  6:29  Hellion  
  22  6:33  SCV x2  
  22  6:34  Marine  
Show
View Real Time Build Order
Export as new Build Order

AcerBly Zerg - Winner!

Build Orders: Hatch First, Roach Nydus 

Get SALT Encoding   

  12  0:01  Drone  
  13  0:12  Overlord  
  13  0:18  Drone  
  14  0:30  Drone x2  
  14  0:34  Drone  
  17  0:52  Hatchery  
  17  0:57  Drone  
  17  0:59  Extractor  
  16  1:11  Spawning Pool  
  15  1:12  Drone  
  15  1:16  Drone  
  17  1:19  Drone  
  18  1:29  Drone  
  19  1:38  Overlord  
  19  1:58  Queen  
  19  2:00  Metabolic Boost, Zergling x4  
  23  2:04  Queen  
  23  2:07  Drone  
  26  2:11  Drone  
  27  2:17  Drone  
  27  2:22  Drone  
  29  2:31  Drone  
  29  2:32  Overlord  
  30  2:41  Queen  
  30  2:44  Lair  
  32  2:47  Drone  
  33  2:52  Drone x2  
  33  2:57  Drone x2  
  36  3:06  Zergling x2  
  36  3:10  Zergling x6  
  40  3:21  Drone x3  
  40  3:24  Overlord, Roach Warren  
  40  3:25  Extractor  
  41  3:32  Overlord  
  41  3:34  Overlord  
  42  3:41  Drone x3  
  42  3:45  Extractor  
  43  3:55  Drone  
  43  3:56  Drone x4, Nydus Network  
  47  4:10  Queen  
  47  4:11  Queen  
  51  4:21  Overlord  
  50  4:34  Overseer  
  50  4:36  Roach x4  
  50  4:37  Roach x3  
  64  4:43  Nydus Canal  
  64  4:51  Overlord, Roach x2  
  68  5:04  Drone x3  
  67  5:26  Ravager x3, Queen x2  
  67  5:27  Overlord  
  74  5:36  Nydus Canal  
  74  5:40  Hatchery  
  64  5:53  Roach x6  
  73  6:04  Roach x3  
  73  6:07  Roach  
  73  6:18  Roach x3  
  73  6:19  Overlord  
  75  6:26  Roach x2  
  75  6:29  Overlord  
Tags
 
Add a new tag
Caveats
  • Supply blocks, unpowered buildings, or Contaminate may cause inaccurate times.
  • Supply counts are checked every 10 seconds.